 Seeded DCSS version 0.31-a0-204-g7da18cac08 (webtiles) character file.

Game seed: 17633129555192621764 (custom seed)

560 innerfire43 the Grave Robber (level 7, -3/52 HPs)
             Began as a Demonspawn Monk on June 27, 2023.
             Was a Priest of Cheibriados.
             Slain by an ogre
             ... wielding a +0 giant spiked club
              (25 damage)
             ... on level 5 of the Dungeon.
             The game lasted 00:05:03 (3826 turns).

innerfire43 the Grave Robber (Demonspawn Monk)      Turns: 3826, Time: 00:05:04

Health: -3/52      AC: 10    Str: 21    XL:     7   Next: 9%
Magic:  7/7        EV: 13    Int: 18    God:    Cheibriados [***...]
Gold:   248        SH:  0    Dex: 22    Spells: 6/6 levels left

rFire   . . .        r - +2 trident (pain)
rCold   + . .        d - orb {light}
rNeg    . . .        w - +1 leather armour {rC+}
rPois   .            y - +1 helmet
rElec   .            (no cloak)
rCorr   .            p - +0 pair of gloves
SInv    .            (no boots)
Will    .....        (no amulet)
Stlth   +            m - ring of flight
HPRegen 0.28/turn    (no ring)
MPRegen 0.10/turn

%: no passive effects
@: flying, glowing, very slow
A: molten scales 2, demonic guardian 1, demonic touch 1
a: Renounce Religion, Bend Time, Temporal Distortion


You were on level 5 of the Dungeon.
You worshipped Cheibriados.
Cheibriados was most pleased with you.
You visited 2 branches of the dungeon, and saw 6 of its levels.

You collected 248 gold pieces.

Inventory:

Hand Weapons
 a - a +0 spear
 k - a +1 vampiric spear
 r - a +2 trident of pain (weapon)
Armour
 b - a +0 robe
 d - an orb of light (worn)
 p - a +0 pair of gloves (worn)
 w - a +1 leather armour of cold resistance (worn)
 y - a +1 helmet (worn)
Jewellery
 m - a ring of flight (left hand)
Wands
 v - a wand of mindburst (10)
Scrolls
 e - 4 scrolls of amnesia {unknown}
 f - a scroll of identify {unknown}
 i - 4 scrolls of teleportation {unknown}
 j - 2 scrolls of enchant armour {unknown}
 l - 2 scrolls of enchant weapon {unknown}
 u - a scroll of summoning {unknown}
Potions
 c - a potion of ambrosia
 g - a potion of resistance {unknown}
 h - a potion of brilliance {unknown}
 n - a potion of mutation {unknown}
 o - 2 potions of attraction {unknown}
 q - a potion of haste {unknown}
 s - 2 potions of might {unknown}
 t - a potion of heal wounds {unknown}
 x - 2 potions of curing
 z - a potion of magic {unknown}


   Skills:
 - Level 3.0 Fighting
 - Level 5.1 Polearms
 - Level 2.6 Dodging
 * Level 6.2 Necromancy


You had 6 spell levels left.
You didn't know any spells.
Your spell library contained the following spells:

 Spells                   Type           Power      Damage    Failure   Level
 Chain Lightning          Conj/Air       0%         N/A       100%        9
 Fire Storm               Conj/Fire      0%         5d1       100%        9
 Shatter                  Erth           0%         3d5*      100%        9


Dungeon Overview and Level Annotations

Branches:
Dungeon (5/15)             Temple (1/1) D:4

Altars:
Cheibriados
Fedhas
Gozag
Hepliaklqana
Makhleb
Qazlal
Ru
Sif Muna
Trog
Uskayaw
Vehumet
Wu Jian
Xom


Innate Abilities, Weirdness & Mutations

You are mostly covered in molten scales. (AC +3)
A weak demonic guardian rushes to your aid.
Your touch may inflict minor irresistible damage on your foes.


Message History

You kill the hound!
Cheibriados appreciates the change of pace.
The adder bites you but does no damage.
You barely miss the adder.
You feel sick. The adder bites you.
You are more poisoned.
The adder poisons you!
You hit the adder.
The adder writhes in agony.
The adder is almost dead.
You feel sick. The adder closely misses you. The adder misses you.
You completely miss the adder.
The adder is almost dead.
You feel sick. The adder bites you but does no damage.
You hit the adder.
You kill the adder!
Cheibriados thoroughly appreciates the change of pace.
You feel sick.
No target in view!
You feel sick.
You feel sick.
You feel sick.
You feel sick.
You feel sick.
You are no longer poisoned.
HP restored.
You now have 248 gold pieces (gained 4).
x - 2 potions of curing (gained 1);
z - a red potion An ogre comes into view.
It is wielding a +0 giant spiked club.
The ogre shouts!
You hear an angry hiss.
You puncture the ogre!
The ogre writhes in agony.
The ogre is severely wounded.
The ogre hits you with a +0 giant spiked club!!
Ouch! That really hurt!
A demonic guardian appears!
You are too injured to fight recklessly!
You are too injured to fight recklessly!
You are too injured to fight recklessly!
You hit the ogre.
The ogre writhes in agony.
The ogre is severely wounded.
The ogre hits you with a +0 giant spiked club!!
You die...

..# #.. ..# #.. ..#
#.. #.# #.. #.# #..
#.#### #.. #.##.#
###
#.O###.##.#####.####
#..@................
#5#######.#####.####
# #.#.....#
#.#.##### #.#.#
######## #.#.#
........ #.#.#
######## #.#.# # #.#


You could see an ogre (ally target) and a friendly shadow imp (summoned).

Vanquished Creatures
  A scorpion (D:4)
  An orc priest (D:4)
  2 hounds
  A jelly (D:4)
  An iguana (D:4)
  Ijyb (D:4)
  Terence (D:3)
  3 orc wizards (D:4)
  Robin (D:4)
  A gnoll (D:4)
  9 adders
  A worm (D:4)
  4 dart slugs
  17 orcs
  8 ball pythons
  2 bats
  5 endoplasms
  4 giant cockroaches
  14 goblins
  9 hobgoblins
  4 jackals (D:1)
  8 kobolds
  4 quokkas
  4 frilled lizards
  3 rats
109 creatures vanquished.

Vanquished Creatures (collateral kills)
  An endoplasm (D:4)
1 creature vanquished.

Grand Total: 110 creatures vanquished

Notes
Turn   | Place    | Note
-------+----------+-------------------------------------------
     0 | D:1      | innerfire43 the Demonspawn Monk began the quest for the
                  | Orb.
     0 | D:1      | Reached XP level 1. HP: 18/18 MP: 1/1
   143 | D:1      | Gained mutation: You are partially covered in molten
                  | scales. (AC +2) [demonic ancestry]
   143 | D:1      | Reached XP level 2. HP: 22/24 MP: 2/2
   556 | D:1      | Gained mutation: You are mostly covered in molten scales.
                  | (AC +3) [demonic ancestry]
   556 | D:1      | Reached XP level 3. HP: 29/29 MP: 3/3
   709 | D:2      | Found a sacrificial altar of Ru.
   921 | D:2      | Gained mutation: A weak demonic guardian rushes to your
                  | aid. [demonic ancestry]
   921 | D:2      | Reached XP level 4. HP: 30/35 MP: 4/4
  1425 | D:3      | Reached skill level 1 in Necromancy
  1516 | D:3      | Noticed Terence
  1531 | D:3      | Killed Terence
  1707 | D:3      | Identified the +5 dagger "Ejuluzuwn" {protect, Dex+3}
  1927 | D:3      | Reached skill level 2 in Necromancy
  1927 | D:3      | Reached XP level 5. HP: 37/41 MP: 5/5
  2311 | D:4      | Reached skill level 5 in Polearms
  2342 | D:4      | Reached skill level 3 in Necromancy
  2371 | D:4      | Found a staircase to the Ecumenical Temple.
  2381 | Temple   | Entered the Ecumenical Temple
  2394 | Temple   | Became a worshipper of Cheibriados the Contemplative
  2394 | Temple   | Reached * piety under Cheibriados
  2394 | Temple   | Reached ** piety under Cheibriados
  2437 | D:4      | Found a blossoming altar of Fedhas.
  2541 | D:4      | Noticed Ijyb
  2552 | D:4      | Killed Ijyb
  2553 | D:4      | Reached XP level 6. HP: 8/47 MP: 6/6
  2559 | D:4      | Reached skill level 4 in Necromancy
  2751 | D:4      | Noticed Robin
  2770 | D:4      | Killed Robin
  2901 | D:4      | Reached skill level 5 in Necromancy
  2997 | D:4      | Found a shimmering altar of Xom.
  3080 | D:4      | Reached *** piety under Cheibriados
  3318 | D:4      | Found a burning altar of Makhleb.
  3412 | D:4      | Found a sacrificial altar of Ru.
  3659 | D:4      | Reached skill level 6 in Necromancy
  3659 | D:4      | Gained mutation: Your touch may inflict minor irresistible
                  | damage on your foes. [demonic ancestry]
  3659 | D:4      | Reached XP level 7. HP: 52/52 MP: 7/7
  3676 | D:5      | Entered Level 5 of the Dungeon
  3826 | D:5      | Slain by an ogre

Illustrated notes

Levels and vault maps discovered:
D:1:      saegor_arrival_simple_a, layout_loops_ring, minmay_tetromino_t2
D:2:      layout_basic, basic_altar
D:3:      layout_loops_corners, zin_academy, grunt_ministairs_3, uniq_terence
D:4:      layout_loops_ring, nicolae_ru_the_path_less_chosen, fedhas_altar_3,
          minitemple, kennysheep_mini, minmay_temple_entry_butterflies,
          grunt_tough_drop, uniq_robin, uniq_ijyb
D:5:      minmay_clustersquares, layout_loops_ring, st_stairs_11, uniq_menkaure
Temple:   nicolae_temple_bog_church

Skill      XL: |  1  2  3  4  5  6 |
---------------+-------------------+-----
Polearms       | 3 4 5 |  5.1
Necromancy     | 2 3 6 |  6.2
Fighting       | |  3.0
Dodging        | |  2.6

Action                     |  1- 3 |  4- 6 |  7- 9 || total
---------------------------+-------+-------+-------++-------
  Melee: Spear             |   130 |    28 |       ||   158
         Trident           |       |   154 |     9 ||   163
    Use: Potion            |       |     1 |       ||     1
 Armour: Robe              |    20 |    36 |       ||    56
         Leather armour    |       |     2 |     4 ||     6
  Dodge: Dodged            |    67 |   112 |     5 ||   184

Table legend: (Time is in decaauts)
 A = Elapsed time spent in this place.
 B = Non-inter-level travel time spent in this place.
 C = Inter-level travel time spent in this place.
 D = Time resting spent in this place.
 E = Time spent auto-exploring this place.
 F = Levels seen in this place.
 G = Mean time per level.
                   A        B        C        D        E       F      G
               +--------+--------+--------+--------+--------+-----+--------+
         Total |   4349 |   3817 |    532 |      0 |   3134 |   6 |  724.8 |
       Dungeon |   4317 |   3785 |    532 |      0 |   3134 |   5 |  863.4 |
        Temple |     31 |     31 |      0 |      0 |      0 |   1 |   31.0 |
               +--------+--------+--------+--------+--------+-----+--------+

Top non-repeatable levels by time:
     D:4: 1827 daAuts
     D:3: 1154 daAuts
     D:1: 664 daAuts
     D:2: 471 daAuts
     D:5: 200 daAuts
  Temple: 31 daAuts
